 Dungeon Crawl Stone Soup version 0.29.1 (webtiles) character file.

Game seed: 10163076083286481148

384232 leavemydog the Sorcerer (level 21, -3/127 HPs)
             Began as a Deep Elf Conjurer on Sept 14, 2022.
             Was the Champion of Vehumet.
             Slain by Mennas
             ... wielding a +3 trishula of holy wrath
              (10 damage)
             ... on level 3 of the Vaults.
             The game lasted 03:08:53 (60035 turns).

leavemydog the Sorcerer (Deep Elf Conjurer)        Turns: 60035, Time: 03:08:54

Health: -3/127     AC: 26    Str:  4    XL:     21   Next: 96%
Magic:  58/59      EV:  7    Int: 38    God:    Vehumet [******]
Gold:   3420       SH: 10    Dex: 24    Spells: 16/67 levels left

rFire   + . .      SeeInvis .   J - +11 whip of Destruction {flame, rElec Stlth+}
rCold   + + .      Faith    .   x - +0 kite shield "Qinef" {rC- rN+++ Will+ Slay+4}
rNeg    + + +      Spirit   .   K - +7 Kryia's mail coat {PotionHeal*2 rC+}
rPois   +          Reflect  .   A - +1 hat of Absolutism {Harm Int+3}
rElec   +          Harm     +   c - +0 cloak of the Soldier {rPois rC- Dex+6 Stlth+}
rCorr   .          Rampage  .   h - +2 pair of gloves
Will    ++++.                   L - +3 pair of mountain boots {steadfast, rC+}
Stlth   ++........              I - amulet "Ryoguor" {RegenMP Will+}
HPRegen 0.00/turn               m - ring of wizardry
MPRegen 0.76/turn               D - ring "Pyon" {Fly MP+9 Dex+5}

@: flying, inhibited regen, glowing
A: horns 1, cold resistance 2, fire resistance 1, inhibited regeneration, wild
magic 1
}: 2/15 runes: serpentine, barnacled
a: Renounce Religion


You were on level 3 of the Vaults.
You worshipped Vehumet.
Vehumet was exalted by your worship.
You visited 8 branches of the dungeon, and saw 37 of its levels.
You visited the Abyss 1 time.
You also visited: Trove and Ice Cave.

You collected 5289 gold pieces.
You spent 1869 gold pieces at shops.

Inventory:

Hand Weapons
 J - the +11 whip of Destruction (weapon) {flame, rElec Stlth+}
   (You acquired it on level 10 of the Dungeon)

   It burns those it strikes, dealing additional fire damage.
   rElec:     It insulates you from electricity.
   Stlth:     It makes you more stealthy.
Missiles
 n - 10 javelins
 M - 3 silver javelins
Armour
 c - the +0 cloak of the Soldier (worn) {rPois rC- Dex+6 Stlth+}
   (You acquired it on level 3 of the Dungeon)

   Dex:       It affects your dexterity (+6).
   rC:        It makes you vulnerable to cold.
   rPois:     It protects you from poison.
   Stlth:     It makes you more stealthy.
 h - a +2 pair of gloves (worn)
 x - the +0 kite shield "Qinef" (worn) {rC- rN+++ Will+ Slay+4}
   (You found it on level 3 of the Elven Halls)

   Slay:      It affects your accuracy & damage with ranged weapons and melee
   (+4).
   rC:        It makes you vulnerable to cold.
   rN:        It renders you almost immune to negative energy.
   Will:      It increases your willpower.
 A - the +1 hat of Absolutism (worn) {Harm Int+3}
   (You acquired it on level 3 of the Lair of Beasts)

   Int:       It affects your intelligence (+3).
   Harm:      It increases damage dealt and taken.
 K - the +7 Kryia's mail coat (worn) {PotionHeal*2 rC+}
   (You acquired it on level 10 of the Dungeon)

   Potions are twice as effective at healing its wearer.
   rC:        It protects you from cold.
 L - the +3 pair of mountain boots (worn) {steadfast, rC+}
   (You acquired it on level 10 of the Dungeon)

   It prevents involuntary movement, except for blinking, teleportation, or
   banishment.
   rC:        It protects you from cold.
 W - the +4 skin of Zhor {*Englaciate rC+++ SInv}
   (You found it in an ice cave)

   It radiates cold, occasionally slowing all nearby creatures who are not
   resistant to cold.
   rC:        It renders you almost immune to cold.
   SInv:      It lets you see invisible.
Magical Staves
 o - a staff of conjuration
 O - a staff of fire
 U - a staff of earth
Jewellery
 m - a ring of wizardry (left hand)
 D - the ring "Pyon" (right hand) {Fly MP+9 Dex+5}
   (You bought it in a shop on level 2 of the Snake Pit)

   [ring of flight]

   Dex:       It affects your dexterity (+5).
   MP:        It affects your magic capacity (+9).
   Fly:       It grants you flight.
 I - the amulet "Ryoguor" (around neck) {RegenMP Will+}
   (You found it in a treasure trove)

   [amulet of magic regeneration]

   It increases your rate of magic regeneration.
   Will:      It increases your willpower.
 R - an amulet of reflection
Wands
 g - a wand of iceblast (16)
 i - a wand of mindburst (46)
 w - a wand of polymorph (23)
 P - a wand of charming (18)
 S - a wand of flame (50)
 T - a wand of acid (20)
Scrolls
 d - 8 scrolls of vulnerability
 e - 13 scrolls of poison
 k - 11 scrolls of magic mapping
 q - 5 scrolls of fog
 s - 18 scrolls of teleportation
 t - 8 scrolls of noise
 y - 11 scrolls of immolation
 C - 5 scrolls of fear
 E - 4 scrolls of amnesia
 F - a scroll of silence
 H - 2 scrolls of blinking
 Z - 2 scrolls of summoning
Potions
 a - 10 potions of might
 b - 2 potions of magic
 f - 9 potions of lignification
 j - 2 potions of resistance
 l - 19 potions of curing
 p - 5 potions of cancellation
 r - 7 potions of ambrosia
 u - 3 potions of brilliance
 z - 2 potions of attraction
 B - 3 potions of berserk rage
 G - a potion of invisibility
 Q - 2 potions of heal wounds
 V - 3 potions of haste


   Skills:
 * Level 12.2 Fighting
 * Level 10.7 Armour
 - Level 9.5 Dodging
 - Level 2.4 Stealth
 * Level 2.7 Shields
 + Level 23.9 Spellcasting
 + Level 20.0 Conjurations
 - Level 9.0 Hexes
 - Level 9.0 Translocations
 - Level 11.5 Fire Magic
 * Level 18.3 Earth Magic


You had 16 spell levels left.
You knew the following spells:

 Your Spells              Type           Power      Damage    Failure   Level
a - Magic Dart            Conj           100%       1d8       1%          1
b - Searing Ray           Conj           100%       2d8       1%          2
c - Iskenderun's Mystic   Conj/Tloc      100%       2d19      1%          4
d - Stone Arrow           Conj/Erth      100%       3d13      1%          3
e - Lehudib's Crystal Sp  Conj/Erth      64%        10d15     10%         8
f - Iskenderun's Battles  Conj           100%       2d15      1%          5
g - Fireball              Conj/Fire      60%        3d23      1%          5
h - Iron Shot             Conj/Erth      64%        9d12      1%          6
i - Lightning Bolt        Conj/Air       51%        1d72      2%          5
j - Orb of Destruction    Conj           65%        9d15      1%          7
k - Lee's Rapid Deconstr  Erth           63%        3d30*     1%          5

Your spell library contained the following spells:

 Spells                   Type           Power      Damage    Failure   Level
 Shatter                  Erth           63%        3d47*     77%         9
 Fire Storm               Conj/Fire      60%        8d15      96%         9
 Apportation              Tloc           100%       N/A       1%          1
 Sandblast                Erth           100%       2d20      1%          1
 Shock                    Conj/Air       100%       1d9       1%          1
 Blink                    Tloc           100%       N/A       1%          2
 Passwall                 Tmut/Erth      82%        N/A       1%          2
 Static Discharge         Conj/Air       100%       3-16/arc  1%          2
 Conjure Flame            Conj/Fire      100%       6-21      1%          3
 Dazzling Flash           Conj/Hex       100%       N/A       1%          3
 Gell's Gravitas          Tloc           99%        N/A       1%          3
 Lesser Beckoning         Tloc           99%        N/A       1%          3
 Mephitic Cloud           Conj/Pois/Air  90%        N/A       1%          3
 Teleport Other           Tloc           99%        N/A       1%          3
 Fulminant Prism          Conj/Hex       58%        3d25      1%          4
 Leda's Liquefaction      Hex/Erth       57%        N/A       1%          4
 Sticky Flame             Conj/Fire      100%       2d11      1%          4
 Starburst                Conj/Fire      60%        6d16      1%          6
 Ignite Poison            Fire/Tmut/Pois 77%        N/A       2%          3
 Animate Armour           Summ/Erth      100%       N/A       4%          4
 Passage of Golubria      Tloc           99%        N/A       4%          4
 Petrify                  Tmut/Erth      99%        N/A       4%          4
 Poisonous Vapours        Pois/Air       100%       N/A       6%          2
 Summon Guardian Golem    Hex/Summ       80%        N/A       7%          3
 Freezing Cloud           Conj/Ice/Air   45%        6-21      7%          5
 Borgnjor's Vile Clutch   Necr/Erth      49%        N/A       10%         5
 Conjure Ball Lightning   Conj/Air       51%        3x3d18    10%         6
 Manifold Assault         Tloc           99%        N/A       11%         5
 Necrotise                Necr           100%       1d9       14%         1
 Sting                    Tmut/Pois      100%       1d8       14%         1
 Summon Small Mammal      Summ           100%       N/A       14%         1
 Airstrike                Air            28%        2d(4-20)  28%         4
 Olgreb's Toxic Radiance  Pois           56%        N/A       30%         4
 Swiftness                Air            56%        N/A       34%         3
 Call Canine Familiar     Summ           56%        N/A       36%         3
 Vampiric Draining        Necr           56%        2d10      36%         3
 Spellforged Servitor     Conj/Summ      51%        N/A       36%         7
 Silence                  Hex/Air        40%        N/A       45%         5
 Summon Forest            Summ/Tloc      40%        N/A       47%         5
 Animate Dead             Necr           56%        N/A       73%         4
 Dispel Undead            Necr           56%        3d20      73%         4
 Ignition                 Fire           54%        3d15      78%         8
 Agony                    Necr           56%        N/A       96%         5
 Eringya's Noxious Bog    Tmut/Pois      28%        N/A       96%         6
 Haunt                    Necr/Summ      28%        N/A       100%        7
 Malign Gateway           Summ/Tloc      40%        N/A       100%        7
 Summon Hydra             Summ           28%        N/A       100%        7
 Borgnjor's Revivificati  Necr           28%        N/A       100%        8
 Infestation              Necr           28%        N/A       100%        8
 Necromutation            Tmut/Necr      28%        N/A       100%        8
 Summon Horrible Things   Summ           28%        N/A       100%        8
 Death's Door             Necr           28%        N/A       100%        9


Dungeon Overview and Level Annotations

Branches:
Dungeon (15/15)            Temple (1/1) D:7            Lair (5/5) D:11
 Shoals (4/4) Lair:3        Snake (4/4) Lair:2        Slime (0/5) Lair:4
    Orc (2/2) D:10            Elf (3/3) Orc:2        Vaults (3/5) D:13
 Depths (0/4) D:15          IceCv (visited)
  Crypt: Vaults:2-3

Altars:
Ashenzari
Cheibriados
Dithmenos
Elyvilon
Fedhas
Gozag
Hepliaklqana
Kikubaaqudgha
Makhleb
Nemelex Xobeh
Okawaru
Qazlal
Ru
Sif Muna
Trog
Uskayaw
Vehumet
Wu Jian
Xom
Yredelemnul
Zin
The Shining One

Shops:
D:7 ?   D:10 [   D:12 :[(   Orc:2 ([*:   Elf:1 (   Elf:3 (   Snake:2 *(
Vaults:1 [

Annotations:
Temple 4 transporters
Vaults:3 Mennas


Innate Abilities, Weirdness & Mutations

You have a pair of small horns on your head.
Your flesh is very cold resistant. (rC++)
Your flesh is heat resistant. (rF+)
You do not regenerate when monsters are visible.
Your spells are a little harder to cast, but a little more powerful.


Message History

Mennas hits you from afar with a +3 trishula of holy wrath!
Mennas hits you but does no damage.
There is an open door here.
You block Mennas's attack. x2
Mennas hits you from afar with a +3 trishula of holy wrath!!
Mennas hits you from afar with a +3 trishula of holy wrath!
Things that are here:
a +0 dire flail; a +0 ring mail; a human skeleton
There is an open door, spattered with blood here.
Things that are here:
a +0 great sword; a +0 chain mail; a storm dragon skeleton You block Mennas's attack.
Mennas hits you but does no damage.
Magic scrolls do not work when you're silenced!
The +7 Kryia's mail coat enhances the healing.
You feel much better.
Mennas hits you from afar with a +3 trishula of holy wrath!!
Mennas hits you from afar with a +3 trishula of holy wrath.
Mennas hits you from afar with a +3 trishula of holy wrath!
Mennas hits you from afar with a +3 trishula of holy wrath!!
Aiming: Iceblast
Press: ? - help, Shift-Dir - straight line, f/p - Mennas
Aim: Mennas, wielding a +3 trishula of holy wrath and wearing a +0 tower shield (silenced, moderately wounded, radiating silence, haloed)
The mass of ice explodes!
The iceblast engulfs Mennas.
Mennas is heavily wounded.
Mennas hits you from afar with a +3 trishula of holy wrath!
* * * LOW HITPOINT WARNING * * *
You block Mennas's attack.
Drinking this now will have no effect.
Okay, then.
Mennas hits you from afar with a +3 trishula of holy wrath!
* * * LOW HITPOINT WARNING * * *
You block Mennas's attack.
Mennas becomes audible again.
Mennas hits you but does no damage.
Mennas hits you from afar with a +3 trishula of holy wrath.
* * * LOW HITPOINT WARNING * * *
Mennas hits you from afar with a +3 trishula of holy wrath!
* * * LOW HITPOINT WARNING * * *
Mennas hits you from afar with a +3 trishula of holy wrath!
You die...

#......# #......#
#.))...# #.))...#
######+## ###
#......# #.......
...# #......# #.....#
....# #../...#
#....###..!.+
'..)°..#
#..<........+
#......# #..#.@...#.
####'#######.##.....#
#...#...#).#A....#.
#...'..))...........
#...#...#....###....#
##'###'##.....# ....#
#...#..(#...........#
#...'...#############
#..[#(..#


You could see Mennas.

Vanquished Creatures
  Mara (Shoals:4)
  Nikola (Shoals:2)
  A bone dragon (Abyss:2)
  Jorgrun (Shoals:1)
  Mlioglotl (Shoals:1)
  2 deep elf blademasters (Elf:3)
  2 deep elf master archers (Elf:3)
  2 krakens
  A sphinx (Vaults:1)
  Frances (Shoals:1)
  A tentacled starspawn (Abyss:2)
  Polyphemus (Shoals:2)
  A storm dragon (Vaults:3)
  A tengu reaver (Vaults:3)
  5 nagarajas
  The ghost of Romunoh the Fetichist, an adept SpBr of Gozag (Snake:4)
  A frost giant (Vaults:2)
  Aizul (Shoals:4)
  4 deep elf sorcerers
  8 deep elf elementalists (Elf:3)
  A balrug (Abyss:2)
  4 orc warlords
  3 vault wardens
  Louise (D:15)
  5 ironbound preservers
  A reaper (IceCv)
  2 stone giants (Vaults:3)
  4 very ugly things (Vaults:1)
  4 ironbound thunderhulks
  5 deep elf annihilators (Elf:3)
  6 deep elf demonologists
  4 dire elephants (Vaults:2)
  A blizzard demon (Abyss:2)
  2 ettins
  7 deep elf death magi
  2 merfolk javelineers (Shoals:4)
  Snorg (D:11)
  2 deep elf high priests
  6 merfolk impalers
  7 yaktaur captains
  A great orb of eyes (Vaults:1)
  Fannar (Lair:1)
  Josephine (D:13)
  A fire dragon (Lair:5)
  Erolcha (Orc:2)
  4 salamander tyrants
  4 boulder beetles
  5 centaur warriors
  2 vault guards (Vaults:1)
  6 hydras
  2 ice dragons (D:15)
  4 catoblepae
  A satyr (Shoals:4)
  7 ironbound frosthearts
  5 merfolk avatars
  7 merfolk aquamancers
  2 alligator snapping turtles
  18 naga warriors
  4 two-headed ogres
  18 anacondas
  7 death yaks
  32 dancing weapons
  A two-headed ogre (shapeshifter) (Elf:3)
  An alligator (Lair:5)
  A deep troll earth mage (D:13)
  2 tengu warriors
  4 orc high priests
  A thrashing horror (Abyss:2)
  4 sun demons (Abyss:2)
  19 deep elf knights
  10 naga sharpshooters
  A wretched star (Abyss:2)
  6 shock serpents
  6 salamander mystics
  A spatial maelstrom (Abyss:2)
  3 glowing orange brains
  7 deep trolls (Vaults:2)
  2 sixfirhies (Abyss:2)
  7 sea snakes
  2 obsidian statues
  9 deep elf archers
  4 naga ritualists
  2 phantasmal warriors
  A swamp dragon (Lair:5)
  6 lindwurms
  31 deep elf pyromancers
  2 wizards (Vaults:2)
  A golden dragon skeleton (Vaults:2)
  11 orc knights
  2 necromancers
  11 mana vipers
  5 ironbound convokers
  32 harpies
  27 deep elf zephyrmancers
  26 ugly things
  A fire giant zombie (Vaults:2)
  13 manticores
  6 orc sorcerers
  An oklob plant (Lair:5)
  7 fauns
  24 salamanders
  13 elephants
  6 merfolk sirens
  6 cyclopes
  A stone giant skeleton (Vaults:2)
  27 black mambas
  A frost giant skeleton (Vaults:1)
  4 water nymphs
  8 guardian serpents
  17 naga magi
  12 vault sentinels
  3 smoke demons (Abyss:2)
  2 gargoyles
  An eye of devastation (Abyss:2)
  2 orange demons (Abyss:2)
  Joseph (D:9)
  2 ice statues (IceCv)
  7 cane toads
  An elf zombie (Vaults:2)
  2 unseen horrors
  5 rime drakes
  A yaktaur zombie (Vaults:1)
  A yaktaur skeleton (Vaults:2)
  An anaconda simulacrum (IceCv)
  2 efreet
  2 freezing wraiths
  11 komodo dragons
  21 yaktaurs
  A hellwing (Abyss:2)
  A human skeleton (Vaults:1)
  2 ancient zymes (Abyss:2)
  A tengu conjurer (D:15)
  5 ice devils (IceCv)
  7 trolls
  8 wind drakes
  22 merfolk
  10 polar bears
  A troll (shapeshifter) (Vaults:1)
  A queen bee (Lair:3)
  5 blink frogs
  A harpy skeleton (Abyss:2)
  14 slime creatures
  2 raiju (Lair:5)
  3 dream sheep (Shoals:2)
  10 snapping turtles
  An ettin zombie (Vaults:1)
  4 ynoxinuls (Abyss:2)
  5 starcursed masses (Abyss:2)
  6 air elementals
  3 shadows
  A vampire (D:13)
  Sigmund (D:5)
  7 large abominations (Abyss:2)
  A dire elephant simulacrum (IceCv)
  15 water elementals
  69 yaks
  4 wyverns
  7 wraiths
  Grum (D:10)
  5 basilisks
  4 steam dragons
  A neqoxec (Abyss:2)
  4 death yak simulacra (IceCv)
  A naga zombie (Abyss:2)
  13 vampire mosquitoes
  Edmund (D:5)
  10 wargs
  51 nagas
  14 hell hounds
  5 acid dragons
  18 water moccasins
  45 orc warriors
  2 ice beasts
  A sky beast (D:7)
  13 black bears
  5 small abominations
  A swamp drake (Lair:5)
  6 ogres
  30 wolves
  4 centaurs
  2 phantoms
  2 kobold brigands
  7 bullfrogs
  3 scorpions
  A necrophage (D:5)
  A cane toad simulacrum (IceCv)
  2 earth elementals (Elf:3)
  5 two-headed ogre simulacra (IceCv)
  10 wights (D:7)
  44 killer bees
  A howler monkey (D:7)
  A crimson imp (Abyss:2)
  15 jellies
  A quasit (Abyss:2)
  2 hounds
  2 gnoll boudas
  24 orc priests
  An iron imp (Abyss:2)
  3 iguanas
  31 orc wizards
  7 hell rats (Lair:5)
  3 troll simulacra (IceCv)
  2 spriggan simulacra (IceCv)
  A wolf simulacrum (IceCv)
  10 gnolls
  8 adders
  2 naga simulacra (IceCv)
  3 river rats
  3 shadow imps
  4 white imps
  6 ufetubi
  2 worms
  5 dart slugs
  102 orcs
  10 ball pythons
  9 bats
  7 endoplasms
  5 giant cockroaches
  8 goblins
  8 hobgoblins
  9 jackals
  12 kobolds
  4 quokkas
  4 frilled lizards
  7 rats
  A bush (Lair:4)
  A plant (Shoals:2)
  3 starspawn tentacles (Abyss:2)
  3 tentacles
1558 creatures vanquished.

Vanquished Creatures (others)
  28 fulminant prisms
  8 fungi
  154 plants
  6 tentacles
196 creatures vanquished.

Grand Total: 1754 creatures vanquished

Notes
Turn   | Place    | Note
-------+----------+-------------------------------------------
     0 | D:1      | leavemydog the Deep Elf Conjurer began the quest for the
                  | Orb.
     0 | D:1      | Reached XP level 1. HP: 10/10 MP: 6/6
   149 | D:1      | Reached XP level 2. HP: 15/15 MP: 5/8
   152 | D:1      | Learned a level 2 spell: Searing Ray
   211 | D:1      | Reached skill level 5 in Conjurations
   725 | D:1      | Reached XP level 3. HP: 19/19 MP: 5/9
  1599 | D:2      | Found a faded altar of an unknown god.
  1699 | D:2      | Reached XP level 4. HP: 24/24 MP: 8/11
  1723 | D:2      | Learned a level 4 spell: Iskenderun's Mystic Blast
  2040 | D:3      | Identified a scroll of acquirement
  2043 | D:3      | Acquired the +0 cloak of the Soldier {rPois rC- Dex+6
                  | Stlth+}
  2542 | D:3      | Found a blossoming altar of Fedhas.
  2731 | D:3      | Found a snail-covered altar of Cheibriados.
  2732 | D:3      | Found a white marble altar of Elyvilon.
  2930 | D:4      | Reached skill level 4 in Spellcasting
  2981 | D:4      | Noticed an ogre
  2988 | D:4      | Killed an ogre
  2989 | D:4      | Reached skill level 1 in Translocations
  2989 | D:4      | Reached XP level 5. HP: 28/28 MP: 4/13
  3150 | D:4      | Reached skill level 5 in Spellcasting
  3150 | D:4      | Reached XP level 6. HP: 20/32 MP: 0/15
  4226 | D:5      | Entered Level 5 of the Dungeon
  4226 | D:5      | Noticed Edmund
  4231 | D:5      | Noticed Sigmund
  4305 | D:5      | Reached skill level 6 in Spellcasting
  4305 | D:5      | Reached XP level 7. HP: 29/36 MP: 12/18
  4376 | D:5      | Killed Edmund
  4458 | D:5      | Found a radiant altar of Vehumet.
  4467 | D:5      | Became a worshipper of Vehumet
  4662 | D:5      | Found an ancient bone altar of Kikubaaqudgha.
  4698 | D:5      | Killed Sigmund
  4699 | D:5      | Reached skill level 7 in Spellcasting
  4942 | D:5      | Found Zin's Purification Station.
  4943 | D:5      | Found a glowing silver altar of Zin.
  4960 | D:5      | Bought a potion of curing for 90 gold pieces
  5117 | D:5      | Reached XP level 8. HP: 38/41 MP: 15/21
  5332 | D:5      | Learned a level 3 spell: Stone Arrow
  5337 | D:5      | Learned a level 4 spell: Fulminant Prism
  5912 | D:6      | Found a shimmering blue altar of Sif Muna.
  6013 | D:6      | Reached skill level 8 in Spellcasting
  6033 | D:6      | Reached skill level 1 in Hexes
  6033 | D:6      | Reached skill level 1 in Earth Magic
  6089 | D:6      | Found a hide-covered altar of Uskayaw.
  6114 | D:6      | Noticed a troll
  6120 | D:6      | Killed a troll
  6503 | D:6      | Reached skill level 9 in Spellcasting
  7028 | D:6      | Found a basalt altar of Yredelemnul.
  7031 | D:6      | Found a shimmering altar of Xom.
  7031 | D:6      | Found a blossoming altar of Fedhas.
  7033 | D:6      | Found a burning altar of Makhleb.
  7033 | D:6      | Found an ornate altar of the Wu Jian Council.
  7033 | D:6      | Found a snail-covered altar of Cheibriados.
  7312 | D:7      | Reached XP level 9. HP: 45/45 MP: 14/24
  7413 | D:7      | Reached * piety under Vehumet
  7413 | D:7      | Offered knowledge of Freeze by Vehumet.
  7538 | D:7      | Reached skill level 5 in Translocations
  7718 | D:7      | Reached skill level 10 in Spellcasting
  7763 | D:7      | Found Rounuaxt's Magic Scroll Emporium.
  7775 | D:7      | Bought a scroll of identify for 28 gold pieces
  7775 | D:7      | Bought a scroll of noise for 14 gold pieces
  7775 | D:7      | Bought a scroll of fear for 56 gold pieces
  7775 | D:7      | Bought a scroll of magic mapping for 105 gold pieces
  7775 | D:7      | Bought a scroll of teleportation for 42 gold pieces
  7775 | D:7      | Bought a scroll of teleportation for 42 gold pieces
  7775 | D:7      | Bought a scroll of identify for 28 gold pieces
  7792 | D:7      | Reached skill level 10 in Conjurations
  8243 | D:7      | Found a staircase to the Ecumenical Temple.
  8312 | Temple   | Entered the Ecumenical Temple
  8312 | Temple   | Found a transporter.
  8312 | Temple   | Found a transporter.
  8314 | Temple   | Found a transporter.
  8314 | Temple   | Found a transporter.
  8760 | D:8      | Reached skill level 5 in Hexes
  9139 | D:8      | Reached skill level 11 in Spellcasting
  9268 | D:8      | Reached XP level 10. HP: 12/50 MP: 16/27
  9709 | D:8      | Reached ** piety under Vehumet
  9739 | D:8      | Offered knowledge of Poisonous Vapours by Vehumet.
 10206 | D:8      | Gained mutation: Your magical capacity is low. (-10% MP)
                  | [potion of mutation]
 10206 | D:8      | Gained mutation: Your mind is acute. (Int +4, Str/Dex -1)
                  | [potion of mutation]
 10207 | D:8      | Lost mutation: Your mind is acute. (Int +4, Str/Dex -1)
                  | [potion of mutation]
 10207 | D:8      | Lost mutation: Your magical capacity is low. (-10% MP)
                  | [potion of mutation]
 10207 | D:8      | Gained mutation: Your magical capacity is low. (-10% MP)
                  | [potion of mutation]
 10207 | D:8      | Gained mutation: You are agile. (Dex +4, Str/Int -1)
                  | [potion of mutation]
 10680 | D:9      | Reached skill level 1 in Fighting
 10684 | D:9      | Reached skill level 12 in Spellcasting
 10850 | D:9      | Noticed Joseph
 10864 | D:9      | Found a broken altar of Ashenzari.
 10879 | D:9      | Killed Joseph
 11034 | D:9      | Found an ornate altar of the Wu Jian Council.
 11288 | D:9      | Found a bloodstained altar of Trog.
 11804 | D:9      | Found a basalt altar of Yredelemnul.
 11830 | D:9      | Noticed a two-headed ogre
 11835 | D:9      | Killed a two-headed ogre
 11836 | D:9      | Reached skill level 13 in Spellcasting
 11836 | D:9      | Reached XP level 11. HP: 58/58 MP: 18/27
 12086 | D:9      | Found a hazy altar of Hepliaklqana.
 12311 | D:10     | Entered Level 10 of the Dungeon
 12321 | D:10     | Noticed a two-headed ogre
 12462 | D:10     | Offered knowledge of Ignite Poison by Vehumet.
 12496 | D:10     | Killed a two-headed ogre
 12598 | D:10     | Found a glowing silver altar of Zin.
 12599 | D:10     | Found a shimmering altar of Xom.
 12600 | D:10     | Found a bloodstained altar of Trog.
 12600 | D:10     | Found a snail-covered altar of Cheibriados.
 12653 | D:10     | Noticed Grum
 12660 | D:10     | Killed Grum
 12815 | D:10     | Reached *** piety under Vehumet
 12817 | D:10     | Found a staircase to the Orcish Mines.
 12858 | D:10     | Offered knowledge of Mephitic Cloud by Vehumet.
 12940 | D:10     | Lost mutation: You are agile. (Dex +4, Str/Int -1) [potion
                  | of mutation]
 12940 | D:10     | Lost mutation: Your magical capacity is low. (-10% MP)
                  | [potion of mutation]
 12940 | D:10     | Gained mutation: Your flesh is heat resistant. (rF+)
                  | [potion of mutation]
 12940 | D:10     | Gained mutation: You have a pair of small horns on your
                  | head. [potion of mutation]
 12940 | D:10     | Gained mutation: You possess an exceptional clarity of
                  | mind. [potion of mutation]
 13069 | D:10     | Acquired the +7 Kryia's mail coat {PotionHeal*2 rC+}
 13069 | D:10     | Found the +7 Kryia's mail coat {PotionHeal*2 rC+}
 13070 | D:10     | Acquired the +11 whip of Destruction {flame, rElec Stlth+}
 13071 | D:10     | Acquired the +3 pair of mountain boots {steadfast, rC+}
 13071 | D:10     | Found the +3 pair of mountain boots {steadfast, rC+}
 13141 | D:10     | Found Ixaor's Antique Armour Shop.
 13178 | D:10     | Noticed a six-headed hydra
 13182 | D:10     | Killed a six-headed hydra
 13222 | D:10     | Identified the +9 eveningstar of the Median {freeze, rF-
                  | rCorr Str+4}
 13222 | D:10     | Noticed a tengu warrior
 13226 | D:10     | Killed a tengu warrior
 13227 | D:10     | Reached skill level 14 in Spellcasting
 13236 | D:10     | Reached skill level 1 in Armour
 13337 | D:10     | Identified the +8 sling of Mutilation {speed, *Corrode
                  | +Blink Will+++ Str-5}
 13445 | D:10     | Noticed an obsidian statue
 13622 | D:10     | Identified the +11 quarterstaff of Subterfuge {speed,
                  | Stlth+}
 13721 | D:10     | Found an iron altar of Okawaru.
 14462 | D:11     | Reached **** piety under Vehumet
 14466 | D:11     | Offered knowledge of Sticky Flame by Vehumet.
 14534 | D:11     | Noticed an obsidian statue
 14598 | D:11     | Found a staircase to the Lair.
 14679 | D:11     | Noticed Snorg
 14688 | D:11     | Killed Snorg
 14689 | D:11     | Reached XP level 12. HP: 66/66 MP: 9/32
 15931 | D:12     | Found Watsekki's Weapon Shop.
 16049 | D:12     | Found Holio's Book Shoppe.
 16087 | D:12     | Found Uqyudgheo's Armour Shop.
 16192 | D:13     | Noticed a two-headed ogre
 16193 | D:13     | Noticed a two-headed ogre
 16197 | D:13     | Killed a two-headed ogre
 16201 | D:13     | Killed a two-headed ogre
 16330 | D:13     | Found a gate to the Vaults.
 16380 | D:13     | Noticed Josephine
 16385 | D:13     | Killed Josephine
 16386 | D:13     | Reached skill level 15 in Spellcasting
 16434 | D:13     | Found a frozen archway.
 16448 | IceCv    | Entered an ice cave
 17362 | IceCv    | Reached skill level 5 in Fighting
 17433 | IceCv    | Reached skill level 5 in Armour
 17700 | IceCv    | Reached ***** piety under Vehumet
 17700 | IceCv    | Offered knowledge of Spellforged Servitor by Vehumet.
 17760 | IceCv    | Noticed a reaper
 17771 | IceCv    | Killed a reaper
 17772 | IceCv    | Found the +4 skin of Zhor {*Englaciate rC+++ SInv}
 17891 | IceCv    | Acquired 1073 gold pieces
 17988 | D:13     | Identified the +2 robe of Mihishi {Fly rPois Regen+ Str-4}
 18056 | D:13     | Noticed a boulder beetle
 18072 | D:13     | Killed a boulder beetle
 18193 | D:12     | Bought a book of Power for 462 gold pieces
 18193 | D:12     | Bought a book of the Spheres for 594 gold pieces
 18199 | D:12     | Learned a level 5 spell: Iskenderun's Battlesphere
 18205 | D:12     | Learned a level 5 spell: Fireball
 18212 | D:12     | Learned a level 6 spell: Iron Shot
 18305 | D:13     | Reached XP level 13. HP: 72/72 MP: 20/34
 18530 | D:13     | Reached skill level 1 in Fire Magic
 18875 | D:13     | Reached skill level 16 in Spellcasting
 20063 | D:15     | Entered Level 15 of the Dungeon
 20099 | D:15     | Found a white marble altar of Elyvilon.
 20331 | D:15     | Found a sparkling altar of Nemelex Xobeh.
 20450 | D:15     | Noticed Louise
 20467 | D:15     | Killed Louise
 20628 | D:15     | Reached skill level 5 in Earth Magic
 20740 | D:15     | Found a staircase to the Depths.
 21530 | Orc:1    | Entered Level 1 of the Orcish Mines
 21535 | Orc:1    | Offered knowledge of Freezing Cloud by Vehumet.
 21541 | Orc:1    | Reached skill level 17 in Spellcasting
 21541 | Orc:1    | Reached XP level 14. HP: 71/80 MP: 18/37
 22412 | Orc:2    | Entered Level 2 of the Orcish Mines
 22804 | Orc:2    | Found a staircase to the Elven Halls.
 23035 | Orc:2    | Noticed Erolcha
 23038 | Orc:2    | Killed Erolcha
 23045 | Orc:2    | Reached skill level 5 in Fire Magic
 23056 | Orc:2    | Noticed an orc warlord
 23063 | Orc:2    | Gained mutation: You occasionally lose the ability to drink
                  | potions when taking damage. [a neqoxec]
 23188 | Orc:2    | Killed an orc warlord
 23861 | Orc:2    | Offered knowledge of Lightning Bolt by Vehumet.
 24029 | Orc:1    | Learned a level 5 spell: Lightning Bolt
 24037 | Orc:1    | Learned a level 7 spell: Orb of Destruction
 24195 | Orc:2    | Reached skill level 15 in Conjurations
 24550 | Orc:2    | Found Ywnumar's Antique Armour Boutique.
 24551 | Orc:2    | Found Ilenocyt's Antique Weapon Shop.
 24553 | Orc:2    | Found Sirhih's General Store.
 24553 | Orc:2    | Found Demae's Book Boutique.
 24715 | Elf:1    | Entered Level 1 of the Elven Halls
 24879 | Elf:1    | Found a radiant altar of Vehumet.
 25011 | Elf:1    | Found a portal to a secret trove of treasure.
 25299 | Elf:1    | Found Cilog's Weapon Boutique.
 25540 | Elf:1    | Paralysed by an air elemental for 1 turns
 25620 | Elf:1    | Noticed a deep elf sorcerer
 25625 | Elf:1    | Paralysed by an air elemental for 1 turns
 25631 | Elf:1    | Killed a deep elf sorcerer
 25632 | Elf:1    | Reached skill level 18 in Spellcasting
 26068 | Elf:1    | Got the Commentary on Conjury
 26559 | Lair:1   | Entered Level 1 of the Lair of Beasts
 26939 | Lair:1   | Reached XP level 15. HP: 86/86 MP: 36/39
 27302 | Lair:1   | Noticed Fannar
 27305 | Lair:1   | Killed Fannar
 27938 | Lair:2   | Found a staircase to the Snake Pit.
 28918 | Lair:3   | Offered knowledge of Eringya's Noxious Bog by Vehumet.
 29479 | Lair:3   | Found a staircase to the Shoals.
 30074 | Lair:3   | Acquired the +1 hat of Absolutism {Harm Int+3}
 31199 | Lair:4   | Found a staircase to the Slime Pits.
 31208 | Lair:4   | Reached ****** piety under Vehumet
 31364 | Lair:4   | Found a basalt altar of Yredelemnul.
 31718 | Lair:5   | Entered Level 5 of the Lair of Beasts
 31936 | Lair:5   | Offered knowledge of Yara's Violent Unravelling by Vehumet.
 32119 | Lair:5   | Found a bloodstained altar of Trog.
 32469 | Lair:5   | Reached skill level 19 in Spellcasting
 32700 | Lair:5   | Reached skill level 10 in Earth Magic
 32804 | Lair:5   | Offered knowledge of Lee's Rapid Deconstruction by Vehumet.
 33376 | Lair:5   | Reached XP level 16. HP: 94/94 MP: 40/41
 34079 | D:10     | Learned a level 5 spell: Lee's Rapid Deconstruction
 34165 | D:10     | Identified the ring of Redomian {Fly rElec rF+ Int+5
                  | Stlth-}
 34344 | Snake:1  | Entered Level 1 of the Snake Pit
 35367 | Snake:1  | Identified the +4 broad axe of Arcadian Subterfuge
                  | {protect, Str+3 Int+5}
 36185 | Snake:2  | Found Etha's Weapon Shop.
 36185 | Snake:2  | Found Idghahoe's Assorted Antiques.
 36199 | Snake:2  | Bought a scroll of teleportation for 102 gold pieces
 36199 | Snake:2  | Bought a scroll of fear for 136 gold pieces
 36199 | Snake:2  | Bought a sparkling wooden ring for 170 gold pieces
 36199 | Snake:2  | Identified the ring "Pyon" {Fly MP+9 Dex+5} (You bought it
                  | in a shop on level 2 of the Snake Pit)
 37846 | Snake:4  | Entered Level 4 of the Snake Pit
 37853 | Snake:4  | Offered knowledge of Ozocubu's Refrigeration by Vehumet.
 38027 | Snake:4  | Reached skill level 20 in Spellcasting
 38031 | Snake:4  | Reached XP level 17. HP: 35/100 MP: 43/43
 39577 | Snake:4  | Offered knowledge of Lehudib's Crystal Spear by Vehumet.
 39577 | Snake:4  | Offered knowledge of Fire Storm by Vehumet.
 39577 | Snake:4  | Offered knowledge of Shatter by Vehumet.
 39886 | Snake:4  | Reached skill level 10 in Fire Magic
 40619 | Snake:4  | Got a serpentine rune of Zot
 40869 | Snake:4  | Noticed Romunoh's ghost (adept SpBr)
 40887 | Snake:4  | Found a runed translucent door.
 41094 | Snake:4  | Killed Romunoh's ghost
 41353 | Vaults:1 | Entered Level 1 of the Vaults
 42111 | Vaults:1 | Reached skill level 5 in Dodging
 42113 | Vaults:1 | Reached skill level 21 in Spellcasting
 42265 | Vaults:1 | Reached skill level 10 in Fighting
 42412 | Vaults:1 | Reached XP level 18. HP: 70/107 MP: 41/45
 42419 | Vaults:1 | Found Zoecoacs's Armour Shop.
 45962 | Vaults:2 | Got the Essays on Displacement
 46617 | Elf:2    | Found a radiant altar of Vehumet.
 46664 | Elf:2    | Reached skill level 15 in Earth Magic
 47232 | Elf:2    | Learned a level 8 spell: Lehudib's Crystal Spear
 47812 | Elf:2    | Found a huge runed translucent gate.
 47812 | Elf:2    | Found a huge runed translucent gate.
 47812 | Elf:2    | Found a huge runed translucent gate.
 47812 | Elf:2    | Found a huge runed translucent gate.
 47812 | Elf:2    | Found a huge runed translucent gate.
 48249 | Elf:2    | Reached XP level 19. HP: 113/113 MP: 41/46
 48405 | Elf:2    | Reached skill level 22 in Spellcasting
 49075 | Elf:3    | Entered Level 3 of the Elven Halls
 50134 | Elf:3    | Found Plog's Antique Weapon Shoppe.
 50189 | Abyss:2  | Cast into level 2 of the Abyss (a deep elf demonologist)
 50524 | Abyss:2  | Noticed a bone dragon
 50528 | Abyss:2  | Killed a bone dragon
 50718 | Abyss:2  | Found a corrupted altar of Lugonu.
 50873 | Abyss:3  | Found a corrupted altar of Lugonu.
 50939 | Abyss:3  | Noticed a bone dragon
 50943 | Elf:3    | Escaped the Abyss
 51063 | Elf:3    | Identified the +0 scale mail "Xoman" {*Corrode rPois rF+++
                  | Regen+}
 51068 | Elf:3    | Identified the +5 dagger of the Elven Halls {vorpal, rC+}
 51263 | Elf:3    | Identified the +4 sling "Lutayreo" {freeze, Str+2}
 51263 | Elf:3    | Identified the ring "Keskeiff" {AC+4 Int+2}
 51545 | Elf:1    | You paid a toll of 5 scrolls of fog to enter a treasure
                  | trove
 51546 | Trove    | Entered a treasure trove
 51560 | Trove    | Identified the quicksilver dragon scales of Cocytus {Will+
                  | Slay+2}
 51584 | Trove    | Identified the amulet "Tymuddid" {Spirit Int+5}
 51585 | Trove    | Identified the amulet "Ryoguor" {RegenMP Will+}
 51630 | Trove    | Reached XP level 20. HP: 120/120 MP: 48/48
 51704 | Elf:1    | Lost mutation: You possess an exceptional clarity of mind.
                  | [potion of mutation]
 51704 | Elf:1    | Lost mutation: You occasionally lose the ability to drink
                  | potions when taking damage. [potion of mutation]
 51704 | Elf:1    | Gained mutation: Your spells are a little harder to cast,
                  | but a little more powerful. [potion of mutation]
 51704 | Elf:1    | Gained mutation: You do not regenerate when monsters are
                  | visible. [potion of mutation]
 51704 | Elf:1    | Gained mutation: Your flesh is cold resistant. (rC+)
                  | [potion of mutation]
 51704 | Elf:1    | Gained mutation: Your flesh is very cold resistant. (rC++)
                  | [potion of mutation]
 51870 | Elf:3    | Identified the ring "Wengonoi" {Fire rCorr}
 52256 | Elf:3    | Reached skill level 10 in Armour
 52292 | Elf:3    | Identified the +0 kite shield "Qinef" {rC- rN+++ Will+
                  | Slay+4}
 52315 | Elf:3    | Reached XP level 21. HP: 125/125 MP: 49/49
 52360 | Elf:3    | Got the Papyrus of the Caves and Calefaction
 52689 | Shoals:1 | Entered Level 1 of the Shoals
 52689 | Shoals:1 | Noticed Frances
 52691 | Shoals:1 | Killed Frances
 52692 | Shoals:1 | Reached skill level 23 in Spellcasting
 52700 | Shoals:1 | Noticed Jorgrun
 52714 | Shoals:1 | Killed Jorgrun
 53472 | Shoals:1 | Noticed Mlioglotl
 53482 | Shoals:1 | Killed Mlioglotl
 54419 | Shoals:2 | Noticed Polyphemus
 54426 | Shoals:2 | Killed Polyphemus
 54430 | Shoals:2 | Noticed Nikola
 54436 | Shoals:2 | Killed Nikola
 56277 | Shoals:4 | Entered Level 4 of the Shoals
 57062 | Shoals:4 | Noticed Aizul
 57065 | Shoals:4 | Killed Aizul
 57145 | Shoals:4 | Noticed Mara
 57155 | Shoals:4 | Killed Mara
 57212 | Shoals:4 | Reached skill level 1 in Shields
 58335 | Shoals:4 | Got the Precepts of Ashen Firn
 58741 | Shoals:4 | Identified the +8 whip of Terror {freeze, Dex+4}
 58983 | Shoals:4 | Identified the +6 mace of the Lost Allies {drain, Str+6}
 59175 | Shoals:4 | Got a barnacled rune of Zot
 60013 | Vaults:3 | Noticed Mennas
 60035 | Vaults:3 | Slain by Mennas

Illustrated notes

Levels and vault maps discovered:
D:1:      onia_arrival_pyramid, layout_loops_ring
D:2:      layout_loops_ring, dreamdust_ecumenical_altar_angels_and_demons
D:3:      layout_loops_cross, fedhas_altar_2, mainiacjoe_overflow_divided_tiny
D:4:      layout_loops_ring, gup_sewer_entry_spiral
D:5:      layout_basic, mainiacjoe_overflow_24_doors, fiery_altar_vehumet,
          zin_purify, uniq_sigmund, uniq_edmund
D:6:      layout_loops_ring, doesnt_xom_only_xom, nicolae_uskayaw_dance_hall,
          nicolae_sif_muna_condensation, minivault_27
D:7:      layout_gridville, temple_fountains, serial_shops,
          nicolae_shop_temple_entry_statues_fountains, minmay_misc_feat_rows
D:8:      layout_rooms, serial_demonic, serial_demonic_f, serial_demonic_b,
          serial_demonic_d, serial_demonic_b
D:9:      layout_loops_ring, mainiacjoe_overflow_catwalk,
          mainiacjoe_overflow_alcove_2, nicolae_hepliaklqana_hippocampus,
          mainiacjoe_overflow_alcove_4,
          mainiacjoe_overflow_concentric_impassable, uniq_joseph
D:10:     minmay_the_grid_octo_triangle [minmay_the_grid_octo_shrine,
          minmay_the_grid_octo_prize_single_spiral,
          minmay_the_grid_octo_checkered], layout_basic, kennysheep_mini_moat,
          david_orc_5, serial_shops, shop, minmay_protected_statue, uniq_grum
D:11:     layout_loops_cross, lair_entry_dummy, minivault_16, uniq_snorg
D:12:     layout_loops_cross, serial_shops, shop_fountains,
          nicolae_shop_behind_doors, shop, serial_aquarium,
          aquarium_bridge_square [aquarium_subvault_bridge,
          aquarium_subvault_bridge, aquarium_subvault_wall,
          aquarium_subvault_balcony], aquarium_bridge_island_small
          [aquarium_subvault_small_water, aquarium_subvault_window,
          aquarium_subvault_wall, aquarium_subvault_window,
          aquarium_subvault_bridge], aquarium_window_2, aquarium_window_3,
          aquarium_view_2c, aquarium_view_2g, aquarium_pool_double
D:13:     hourglass_vault, layout_rooms, david_vaults_1,
          portal_ice_cave_entry_pillars_2, uniq_josephine
D:14:     layout_basic, fountainhead
D:15:     grunt_enter_depths_hoard, layout_basic,
          nicolae_elyvilon_peaceful_grove, nemelex_lonely_heart_becter,
          uniq_louise
Temple:   hellmonk_temple_divided_pantheon
Lair:1:   layout_loops_ring, serial_bayou_shore_b, uniq_fannar
Lair:2:   layout_layer_cave, minmay_snake_entry_guardpost_small,
          nicolae_volcano_entry_lava_flow
Lair:3:   regret_index_bee_streams, layout_regular_city,
          elwin_shoals_entry_rocks, infiniplex_staircase_pool,
          serial_bayou_shore_a
Lair:4:   layout_loops_ring, minmay_slime_entry_jelly_boxes, basic_altar
Lair:5:   guppyfry_lair_end_dragon, layout_misc_corridors,
          hangedman_lair_caniforms_friends, lemuel_oklob_altar,
          grunt_megastairs_5
Shoals:1: layout_shoals, uniq_jorgrun, uniq_frances, uniq_mlioglotl
Shoals:2: layout_shoals, nicolae_shoals_lost_giant_baths, nzn_prometheus_bound,
          uniq_nikola, uniq_polyphemus
Shoals:3: layout_shoals
Shoals:4: shoals_end_hangedman, layout_shoals, nicolae_shoals_square_sea_wall,
          uniq_mara, uniq_aizul
Snake:1:  layout_chambers
Snake:2:  layout_misc_corridors, minmay_shoptagon
Snake:3:  layout_cave_town, lemuel_fruit_tree, grunt_megastairs_1
Snake:4:  snake_pit_salamanders_mu, layout_rooms,
          hellmonk_ghost_happy_afterlife, serial_bayou_shore_b
Orc:1:    layout_caves
Orc:2:    st_orc_congregation, layout_caves, uniq_erolcha
Elf:1:    eino_elf_arrival_altar, layout_gridlike, serial_shops, shop,
          enter_trove_3, minmay_elf_annihilation
Elf:2:    elven_hall_of_blades_hangedman_alternative
          [nicolae_blade_entry_area_security], layout_loops_cross, basic_altar
Elf:3:    grunt_elf_hall_spiral, layout_geoelf_octagon, serial_shops,
          nicolae_shop_overgrown_old_shop
Vaults:1: grunt_vaults_focal, ontoclasm_vaults_idyll, vaults_room_corners,
          hangedman_vaults_hard_town_square, hangedman_vaults_capsules,
          vaults_dpeg_diagonal, layout_vaults_quadrants, serial_shops, shop
Vaults:2: st_diamondy, v_misc_29, hangedman_vaults_pinch,
          hangedman_vaults_variations, nicolae_vaults_arrows, v_misc_18,
          vaults_dpeg_emergency_exit, nicolae_vaults_big_ls, v_misc_23,
          ontoclasm_vaults_decontamination, layout_vaults_chaotic_city
Vaults:3: v_misc_8, hangedman_vaults_stream, hangedman_vaults_cutoff, v_rooms_6,
          st_more_cells, vaults_room_semicircle, ontoclasm_vaults_idyll,
          nicolae_vaults_what_the_h, vaults_room_octagon, vaults_room_pools,
          hangedman_vaults_trim, blue_anna_dwarven_crypt, vaults_dpeg_cross,
          hangedman_vaults_stretched_pinwheel, vaults_room_corners,
          layout_vaults_maze_snakey, uniq_jory, uniq_mennas

Skill      XL: |  1  2  3  4  5  6  7  8  9 10 11 12 13 14 15 16 17 18 19 20 21 |
---------------+----------------------------------------------------------------+-----
Conjurations   | 5 6 7 8 9 10 11 12 13 14 15 16 17 18 19 20 | 20.0
Spellcasting   | 4 5 6 7 9 11 13 14 15 17 18 19 20 21 22 23 | 23.9
Translocations | 1 2 3 4 6 7 8 9 |  9.0
Hexes          | 3 5 7 8 9 |  9.0
Earth Magic    | 2 3 5 7 10 12 13 15 16 18 | 18.3
Fighting       | 2 4 5 6 7 8 9 10 11 12 | 12.2
Armour         | 2 5 6 7 8 9 10 | 10.7
Fire Magic     | 4 6 8 9 10 11 | 11.5
Dodging        | 5 7 9 |  9.5
Shields        | 2 |  2.7
Stealth        | |  2.4

Action                   |  1- 3 |  4- 6 |  7- 9 | 10-12 | 13-15 | 16-18 | 19-21 || total
-------------------------+-------+-------+-------+-------+-------+-------+-------++-------
Melee: Short sword       |     5 |    22 |       |       |       |       |       ||    27
       Whip              |       |       |       |    18 |    26 |    15 |    14 ||    73
       Headbutt          |       |       |       |     4 |     4 |     6 |     4 ||    18
       Punch             |       |       |       |     1 |     1 |       |       ||     2
 Cast: Magic Dart        |    79 |   117 |   161 |   229 |   204 |     1 |       ||   791
       Searing Ray       |       |     7 |    15 |    36 |     6 |     1 |       ||    65
       Iskenderun's Myst |       |     1 |     2 |    40 |    74 |    31 |    33 ||   181
       Stone Arrow       |       |       |    37 |   198 |   631 |   420 |   563 ||  1849
       Fulminant Prism   |       |       |     4 |    18 |     6 |       |       ||    28
       Fireball          |       |       |       |       |    68 |    86 |    60 ||   214
       Iskenderun's Batt |       |       |       |       |    17 |     6 |     7 ||    30
       Iron Shot         |       |       |       |       |     3 |   171 |   111 ||   285
       Lee's Rapid Decon |       |       |       |       |       |     4 |     2 ||     6
       Orb of Destructio |       |       |       |       |       |     7 |     2 ||     9
       Lightning Bolt    |       |       |       |       |       |     3 |     2 ||     5
       Lehudib's Crystal |       |       |       |       |       |     1 |     1 ||     2
Evoke: Wand              |       |       |       |       |       |       |     1 ||     1
  Use: Scroll            |       |     7 |     8 |    19 |     6 |     5 |     2 ||    47
       Potion            |       |     1 |       |     3 |     1 |     1 |     7 ||    13
Armor: Robe              |     1 |     3 |     2 |       |       |       |       ||     6
       Steam dragon scal |       |       |     1 |    19 |       |       |       ||    20
       Scale mail        |       |       |       |    84 |   200 |   150 |   170 ||   604
       Animal skin       |       |       |       |       |       |     2 |       ||     2
Dodge: Dodged            |     4 |    21 |    28 |    94 |    73 |    60 |    78 ||   358
Block: Kite shield       |       |       |       |       |       |       |    87 ||    87
